 Dungeon Crawl Stone Soup version 0.27-a0-1312-g5cdb2b3542 (webtiles) character file.

Game seed: 16313608652576344440

62 avis the Chopper (level 4, 0/39 HPs)
             Began as a Hill Orc Monk on June 20, 2021.
             Slain by a bat (1 damage)
             ... on level 2 of the Dungeon.
             The game lasted 00:05:15 (1916 turns).

avis the Chopper (Hill Orc Monk)                    Turns: 1916, Time: 00:05:16

Health: 0/39       AC:  5    Str: 14    XL:     4   Next: 8%
Magic:  4/4        EV: 11    Int: 10    God:
Gold:   48         SH:  0    Dex: 13    Spells: 3/3 levels left

rFire    . . .     SeeInvis .   a - +0 hand axe
rCold    . . .     Faith    .   (no shield)
rNeg     . . .     Spirit   .   b - +0 ring mail
rPois    .         Reflect  .   (no helmet)
rElec    .         Harm     .   (no cloak)
rCorr    .         Rampage  .   (no gloves)
Will     .....                  (no boots)
Stlth    +.........             (no amulet)
HPRegen  0.13/turn              (no ring)
MPRegen  0.09/turn              (no ring)

@: no status effects
A: no striking features
a: no special abilities


You were on level 2 of the Dungeon.
You visited 1 branch of the dungeon, and saw 2 of its levels.

You collected 48 gold pieces.

Inventory:

Hand Weapons
 a - a +0 hand axe (weapon)
 h - a +0 spear
Missiles
 c - 22 sling bullets
 g - 50 stones (quivered)
Armour
 b - a +0 ring mail (worn)
Magical Staves
 e - a staff of earth
Scrolls
 f - a scroll of vulnerability {unknown}


   Skills:
 - Level 3.6 Fighting
 * Level 6.4 Axes
 - Level 2.4 Dodging
 - Level 1.5 Stealth


You had 3 spell levels left.
You didn't know any spells.
Your spell library contained the following spells:

 Spells                   Type           Power      Damage    Failure   Level
 Passwall                 Tmut/Erth      0%         N/A       75%         2
 Swiftness                Air            0%         N/A       93%         3
 Passage of Golubria      Tloc           N/A        N/A       100%        4
 Lee's Rapid Deconstruct  Erth           0%         3d5*      100%        5
 Invisibility             Hex            0%         N/A       100%        6


Dungeon Overview and Level Annotations

Branches:
Dungeon (2/15)

Altars:

Shops:
D:2 :

Annotations:
D:2 Sigmund


Message History

You start resting.
You flicker for a moment.
You start resting.
You flicker back into view.
You start resting.
Your magical contamination has completely faded away.
You start resting.
A dart slug is nearby!
The dart slug launches a dart at you. The slug dart misses you.
The dart slug launches a dart at you. The slug dart hits you.
* * * LOW HITPOINT WARNING * * *
The dart slug launches a dart at you. The slug dart hits you.
* * * LOW HITPOINT WARNING * * *
The dart slug barely misses you.
The goblin shouts!
You hit the dart slug but do no damage. You hit the dart slug.
The dart slug is heavily wounded.
The dart slug misses you.
You hit the dart slug but do no damage.
The dart slug is heavily wounded.
The dart slug launches a dart at you.
The slug dart hits you but does no damage.
Your ring mail prevents you from hitting the dart slug.
The dart slug is heavily wounded.
The bat hits you but does no damage.
You slash the dart slug!
You kill the dart slug!
The bat hits you.
* * * LOW HITPOINT WARNING * * *
The goblin throws a stone.
The stone hits you.
* * * LOW HITPOINT WARNING * * *
The bat hits you but does no damage. The bat hits you.
* * * LOW HITPOINT WARNING * * *
The bat hits you.
You die...

#.......# #.......#
##.......##
.##.############.........#
...........S........≈≈≈....
.....#.########...≈≈≈≈≈...
### #.########...≈≈g.....
#........#.##≈≈≈≈≈... #
#.#####..@b.†.≈≈≈....
#.#.#............##....
#.#.#.##.........# ....
#)..#.##†#.#.###......
###...#.##.#[#.# ....#
...........#.#.# ...#
########.#.####.#.# ..#
..................# ###
........>.........#


You could see a bat.

Vanquished Creatures
  2 adders (D:2)
  2 dart slugs (D:2)
  7 endoplasms
  3 giant cockroaches
  3 goblins (D:2)
  4 hobgoblins
  5 ball pythons
  4 frilled lizards
  4 kobolds (D:1)
  6 rats
40 creatures vanquished.

Notes
Turn   | Place    | Note
-------+----------+-------------------------------------------
     0 | D:1      | avis the Hill Orc Monk began the quest for the Orb.
     0 | D:1      | Reached XP level 1. HP: 19/19 MP: 1/1
   234 | D:1      | Reached XP level 2. HP: 26/26 MP: 2/2
   502 | D:1      | Reached skill level 5 in Axes
  1190 | D:1      | Reached XP level 3. HP: 31/31 MP: 3/3
  1380 | D:2      | Noticed Sigmund
  1729 | D:2      | Found Roumottei's Book Boutique.
  1829 | D:2      | Reached skill level 6 in Axes
  1860 | D:2      | Reached XP level 4. HP: 5/39 MP: 4/4
  1915 | D:2      | HP: 1/39 [bat (1)]
  1916 | D:2      | Slain by a bat

Illustrated notes

Levels and vault maps discovered:
D:1:      lightli_arrival_quake, layout_loops_corners, minmay_pentomino_o2
D:2:      layout_basic, serial_shops, nicolae_shop_waterfront,
          uniq_crazy_yiuf_cottage, uniq_sigmund, uniq_terence

Skill      XL: |  1  2  3 |
---------------+----------+-----
Axes           | 5 6 |  6.4
Fighting       | |  3.6
Dodging        | |  2.4
Stealth        | |  1.5

Action                   |  1- 3 |  4- 6 || total
-------------------------+-------+-------++-------
Melee: Hand axe          |   109 |     5 ||   114
  Use: Potion            |       |     1 ||     1
 Stab: Sleeping          |     8 |       ||     8
Armor: Robe              |     4 |       ||     4
       Ring mail         |    25 |     3 ||    28
Dodge: Dodged            |    49 |     3 ||    52

Table legend: (Time is in decaauts)
 A = Elapsed time spent in this place.
 B = Non-inter-level travel time spent in this place.
 C = Inter-level travel time spent in this place.
 D = Time resting spent in this place.
 E = Time spent auto-exploring this place.
 F = Levels seen in this place.
 G = Mean time per level.
                   A        B        C        D        E       F      G
               +--------+--------+--------+--------+--------+-----+--------+
         Total |   1920 |   1767 |    153 |    446 |    934 |   2 |  960.0 |
       Dungeon |   1920 |   1767 |    153 |    446 |    934 |   2 |  960.0 |
               +--------+--------+--------+--------+--------+-----+--------+

Top non-repeatable levels by time:
     D:1: 1456 daAuts
     D:2: 463 daAuts
